 Dungeon Crawl Stone Soup version 0.30-b1-2-g02819fbbbe (webtiles) character file.

Game seed: 7321710492963791343

144 redmage the Digger (level 5, 0/38 HPs)
             Began as a Meteoran Earth Elementalist on Sept 7, 2023.
             Slain by Grinder (9 damage)
             ... on level 5 of the Dungeon.
             The game lasted 00:07:03 (405 turns).

redmage the Digger (Meteoran Earth Elementalist)     Turns: 405, Time: 00:07:04

Health: 0/38       AC:  2    Str:  9    XL:     5   Next: 81%
Magic:  2/13       EV: 12    Int: 19    God:
Gold:   89         SH:  0    Dex: 14    Spells: 7/13 levels left

rFire   . . .        (no weapon)
rCold   . . .        (no shield)
rNeg    . . .        a - +0 robe
rPois   .            (no helmet)
rElec   .            (no cloak)
rCorr   .            (no gloves)
SInv    .            (no boots)
Will    .....        (no amulet)
Stlth   +            (no ring)
HPRegen 0.26/turn    (no ring)
MPRegen 0.13/turn

%: no passive effects
@: glowing
A: sense surroundings 1, otherworldly, glowing, explore regen
a: no special abilities


You were on level 5 of the Dungeon.
You visited 1 branch of the dungeon, and saw 6 of its levels.

You collected 89 gold pieces.

Inventory:

Armour
 a - a +0 robe (worn)
Wands
 h - a wand of quicksilver (14)
Scrolls
 d - a scroll of acquirement {unknown}
 e - a scroll of amnesia {unknown}
 g - a scroll of teleportation
Potions
 b - a potion of magic
 c - a potion of curing
 f - 2 potions of brilliance
 j - a potion of haste {unknown}
 k - 2 potions of cancellation {unknown}


   Skills:
 - Level 2.4 Dodging
 - Level 1.4 Stealth
 + Level 4.7 Spellcasting
 + Level 1.4 Conjurations
 - Level 1.2 Transmutations
 + Level 5.4 Earth Magic


You had 7 spell levels left.
You knew the following spells:

 Your Spells              Type           Power      Damage    Failure   Level
a - Sandblast             Erth           50%        2d12      1%          1
b - Passwall              Tmut/Erth      14%        N/A       4%          2
c - Stone Arrow           Conj/Erth      34%        3d9       10%         3

Your spell library contained the following spells:

 Spells                   Type           Power      Damage    Failure   Level
 Sting                    Tmut/Pois      24%        1d4       10%         1
 Poisonous Vapours        Pois/Air       8%         N/A       19%         2
 Petrify                  Tmut/Erth      17%        N/A       32%         4
 Olgreb's Toxic Radiance  Pois           4%         N/A       77%         4


Dungeon Overview and Level Annotations

Branches:
Dungeon (6/15) Zot: 3174
 Temple: D:4-7

Altars:

Annotations:
D:5 Grinder


Innate Abilities, Weirdness & Mutations

You passively map a small area around you.
You are easily found by Zot.
You glow in the dark.
You regain HP and MP as you explore.


Message History

Casting: Sandblast (safe; 1% risk of failure)
Confirm with . or Enter, or press ? or * to list all spells.
Aiming: Sandblast (safe; 1% risk of failure)
Press: ? - help, Shift-Dir - straight line, f - Grinder
Aim: Grinder (81% to hit)
The blast of sand hits Grinder!
Grinder is moderately wounded.
Grinder says, "Don't move a muscle."
Grinder hits you!
You writhe in agony.
Casting: Sandblast (safe; 1% risk of failure)
Confirm with . or Enter, or press ? or * to list all spells.
Aiming: Sandblast (safe; 1% risk of failure)
Press: ? - help, Shift-Dir - straight line, f/p - Grinder
Aim: Grinder (moderately wounded, 81% to hit)
The blast of sand hits Grinder!
Grinder is heavily wounded.
Grinder gestures at you. You resist with some effort.
Grinder hits you but does no damage.
Casting: Sandblast (safe; 1% risk of failure)
Confirm with . or Enter, or press ? or * to list all spells.
Aiming: Sandblast (safe; 1% risk of failure)
Press: ? - help, Shift-Dir - straight line, f/p - Grinder
Aim: Grinder (heavily wounded, 81% to hit)
The blast of sand misses Grinder.
Grinder gestures at you. Pain shoots through your body!
* * * LOW HITPOINT WARNING * * *
You feel better.
Grinder says, "Tell me all your secrets, or I'll kill you."
Grinder gestures at you.
You struggle to resist.
Casting: Sandblast (safe; 1% risk of failure)
Confirm with . or Enter, or press ? or * to list all spells.
Aiming: Sandblast (safe; 1% risk of failure)
Press: ? - help, Shift-Dir - straight line, f/p - Grinder
Aim: Grinder (heavily wounded, 81% to hit)
The blast of sand hits Grinder but does no damage.
Grinder is heavily wounded.
Grinder closely misses you. Grinder hits you!
You die...

* #.# #.#
##†####
#.....# ,
######.....#
, ,
+..........#
######.....#
#.....# ,
#@....# ** *
#5....#
##'#### ...
,,, * ,.....
, , ,
....... *
....... , ,
* ....... *,
.....g.


You could see Grinder.

Vanquished Creatures
  A scorpion (D:5)
  An orc wizard (D:4)
  2 adders (D:4)
  A shadow imp (D:5)
  2 worms
  5 orcs
  A ball python (D:3)
  3 bats
  2 endoplasms
  2 goblins
  2 hobgoblins (D:2)
  3 jackals (D:3)
  3 rats
28 creatures vanquished.

Notes
Turn   | Place    | Note
-------+----------+-------------------------------------------
     0 | D:1      | redmage the Meteoran Earth Elementalist began the quest for
                  | the Orb.
     0 | D:1      | Reached XP level 1. HP: 14/14 MP: 5/5
    62 | D:2      | Reached XP level 2. HP: 20/20 MP: 5/7
    91 | D:2      | Reached skill level 4 in Earth Magic
   212 | D:3      | Reached XP level 3. HP: 24/26 MP: 3/8
   243 | D:4      | Reached XP level 4. HP: 33/33 MP: 1/11
   276 | D:4      | Reached skill level 5 in Earth Magic
   325 | D:5      | Entered Level 5 of the Dungeon
   332 | D:5      | Reached XP level 5. HP: 38/38 MP: 10/12
   335 | D:5      | Learned a level 2 spell: Passwall
   339 | D:5      | Learned a level 3 spell: Stone Arrow
   389 | D:5      | Reached skill level 1 in Conjurations
   399 | D:5      | Noticed Grinder
   405 | D:5      | Slain by Grinder

Illustrated notes

Levels and vault maps discovered:
D:1:      minmay_arrival_four_loops, layout_rooms,
          hellmonk_ecumenical_altar_run_dry, minmay_misc_feat_hallway
D:2:      layout_rooms
D:3:      corexii_shack_village, layout_loops_ring
D:4:      minmay_wonky_spiral, layout_loops_ring
D:5:      layout_basic, mainiacjoe_overflow_catwalk, minmay_holes, uniq_grinder
D:6:      layout_loops_ring, gammafunk_temple_overflow_wave,
          minmay_temple_entry_junction

Skill      XL: |  1  2  3  4  5 |
---------------+----------------+-----
Spellcasting   | 3 4 |  4.7
Earth Magic    | 4 5 |  5.4
Conjurations   | 1 |  1.4
Dodging        | |  2.4
Stealth        | |  1.4
Transmutations | |  1.2

Action                     |  1- 3 |  4- 6 || total
---------------------------+-------+-------++-------
   Cast: Sandblast         |    24 |    17 ||    41
         Stone Arrow       |       |     2 ||     2
    Use: Scroll            |     6 |       ||     6
         Potion            |       |     2 ||     2
 Armour: Robe              |       |     4 ||     4
  Dodge: Dodged            |     1 |     7 ||     8
